 Dungeon Crawl Stone Soup version 0.22-a0-571-g4a923d4b9e (webtiles) character file.

1574 murfs the Zephyrmancer (level 8, 0/59 HPs)
             Began as a Red Draconian Air Elementalist on July 1, 2018.
             Slain by an ogre
             ... wielding a +0 giant club
              (13 damage)
             ... on level 6 of the Dungeon.
             The game lasted 01:03:57 (5312 turns).

murfs the Zephyrmancer (DrAE)                       Turns: 5312, Time: 01:03:57

Health: 0/59       AC:  8    Str: 10    XL:     8   Next: 59%
Magic:  1/16       EV: 13    Int: 17    God:
Gold:   336        SH:  0    Dex: 13    Spells: 8/18 levels left

rFire    + + .     SeeInvis .   s - +5 falchion
rCold    x . .     Gourm    .   (no shield)
rNeg     . . .     Faith    +   (armour unavailable)
rPois    .         Spirit   .   (helmet restricted)
rElec    .         Reflect  .   h - +1 cloak
rCorr    .         Harm     .   (no gloves)
MR       .....                  (no boots)
Stlth    ++........             y - amulet of faith
HPRegen  0.19/turn              g - ring of fire
MPRegen  0.15/turn              (no ring)

@: no status effects
A: breathe fire, unfitting armour, fire resistance 1, cold-blooded, AC +6
a: Breathe Fire


You were on level 6 of the Dungeon.
You were not hungry.

You visited 1 branch of the dungeon, and saw 6 of its levels.

You collected 336 gold pieces.

Inventory:

Hand Weapons
 d - a +0 dagger
 s - a +5 falchion (weapon)
 u - a +1 whip of electrocution
 x - a cursed -3 morningstar
 B - a +1 flail of protection
Missiles
 n - 173 stones (quivered)
Armour
 h - a +1 cloak (worn)
Jewellery
 g - a ring of fire (left hand)
 y - an amulet of faith (around neck)
Wands
 f - a wand of digging (11)
 r - a wand of flame (21)
Scrolls
 c - 2 scrolls of identify
 p - a scroll of teleportation
 q - 6 scrolls of remove curse
 A - 2 scrolls of magic mapping
Potions
 a - 3 potions of flight
 e - a potion of berserk rage
 i - a potion of resistance
 j - a potion of heal wounds
 k - 2 potions of degeneration
 l - a potion of haste
 m - a potion of magic
 t - 3 potions of curing
 v - a potion of brilliance {unknown}
 w - a potion of agility {unknown}
Comestibles
 b - 6 rations


   Skills:
 + Level 1.1 Fighting
 + Level 2.8 Long Blades
 + Level 3.1 Dodging
 - Level 1.8 Stealth
 + Level 5.5 Spellcasting
 - Level 2.1 Conjurations
 * Level 8.3 Air Magic
 + Level 0.1 Evocations


You had 8 spell levels left.
You knew the following spells:

 Your Spells              Type           Power        Failure   Level  Hunger
a - Shock                 Conj/Air       ###.         1%          1    None
b - Swiftness             Chrm/Air       ###.....     3%          2    #......
c - Static Discharge      Conj/Air       ###.....     4%          3    ##.....
d - Airstrike             Air            ####......   4%          4    ####...

Your spell library contained the following spells:

 Spells                   Type           Power        Failure   Level  Hunger
 Lightning Bolt           Conj/Air       ###.......   41%         5    ######.


Dungeon Overview and Level Annotations

Branches:
Dungeon (6/15)
 Temple: D:4-7

Altars:
Ashenzari
Okawaru
Xom

Annotations:
D:6 1 runed door, dricus's ghost, novice DECj


Innate Abilities, Weirdness & Mutations

You can breathe blasts of fire.
Your fiery red scales are hard. (AC +6)
You cannot fit into any form of body armour.
Your flesh is heat resistant. (rF+)
You are cold-blooded and may be slowed by cold attacks.


Message History

Press: ? - help, Shift-Dir - straight line, f/p - ogre
Aim: an ogre, wielding a giant club (heavily wounded)
The puff of flame hits the ogre.
The ogre is severely wounded.
The ogre closely misses you.
You riposte.
You barely miss the ogre.
The ogre is severely wounded.
Evoke which item? (* to show all) (? for menu, Esc to quit)
Aiming: Throw Flame
Press: ? - help, Shift-Dir - straight line, f/p - ogre
Aim: an ogre, wielding a giant club (severely wounded)
The puff of flame hits the ogre.
The ogre is almost dead.
The ogre hits you with a giant club!
* * * LOW HITPOINT WARNING * * *
Evoke which item? (* to show all) (? for menu, Esc to quit)
Aiming: Throw Flame
Press: ? - help, Shift-Dir - straight line, f/p - ogre
Aim: an ogre, wielding a giant club (almost dead)
The puff of flame misses the ogre.
The ogre hits you with a giant club!
You die...

........#
#....†..#
........#
#s......#
........#
#.......#
........#
#.......#
.....)..#
#.).....#.
........#
#.........
........####
#)####....
#####......###..##
... #......'....@#
. #......#..†.O#
+......#.....#
#......####'##
......... #.
........... #.
............#.
............#.


You could see an ogre.

Vanquished Creatures
  Grinder (D:4)
  Sigmund (D:5)
  Duvessa (D:6)
  An ice beast (D:4)
  3 ogres
  Dowan (D:6)
  2 scorpions
  A howler monkey (D:6)
  A hound (D:4)
  An orc priest (D:4)
  A bullfrog skeleton (D:5)
  4 orc wizards
  An iguana (D:5)
  5 worker ants
  A hound zombie (D:5)
  4 gnolls
  7 adders
  3 oozes
  2 worms
  4 dart slugs
  2 leopard geckos
  19 orcs
  9 bats
  5 giant cockroaches
  5 hobgoblins
  5 jackals
  4 kobolds
  3 quokkas
  A ball python (D:3)
  5 frilled lizards
  9 goblins
  A leopard gecko skeleton (D:5)
  13 rats
126 creatures vanquished.

Notes
Turn   | Place    | Note
-------+----------+-------------------------------------------
     0 | D:1      | murfs the Draconian Air Elementalist began the quest for the Orb.
     0 | D:1      | Reached XP level 1. HP: 14/14 MP: 3/3
   195 | D:1      | Reached XP level 2. HP: 20/20 MP: 0/5
   382 | D:1      | Found a shimmering altar of Xom.
   867 | D:2      | Reached XP level 3. HP: 26/26 MP: 0/6
  1177 | D:2      | Reached skill level 4 in Air Magic
  1419 | D:2      | Reached XP level 4. HP: 33/33 MP: 0/7
  1557 | D:2      | Found an iron altar of Okawaru.
  2054 | D:3      | Reached XP level 5. HP: 34/38 MP: 0/9
  2437 | D:3      | Reached skill level 5 in Air Magic
  2859 | D:3      | Reached XP level 6. HP: 45/45 MP: 8/10
  3203 | D:4      | Learned a level 2 spell: Swiftness
  3207 | D:4      | Learned a level 3 spell: Static Discharge
  3212 | D:4      | Learned a level 4 spell: Airstrike
  3268 | D:4      | Reached skill level 1 in Long Blades
  3432 | D:4      | Reached skill level 6 in Air Magic
  3936 | D:4      | Noticed Grinder
  3942 | D:4      | Killed Grinder
  3942 | D:4      | Your scales start taking on a fiery red colour.
  3942 | D:4      | Reached XP level 7. HP: 45/51 MP: 6/12
  3942 | D:4      | Gained mutation: Your flesh is heat resistant. (rF+) [Red Draconian growth]
  4183 | D:5      | Entered Level 5 of the Dungeon
  4194 | D:5      | Noticed Sigmund
  4254 | D:5      | Reached skill level 7 in Air Magic
  4648 | D:5      | Reached XP level 8. HP: 50/58 MP: 6/14
  4751 | D:5      | Killed Sigmund
  4914 | D:5      | Found a shattered altar of Ashenzari.
  4923 | D:5      | Reached skill level 1 in Fighting
  5033 | D:5      | Reached skill level 5 in Spellcasting
  5033 | D:5      | Reached skill level 8 in Air Magic
  5168 | D:6      | Found a runed door.
  5171 | D:6      | Noticed dricus's ghost (novice DECj)
  5202 | D:6      | Noticed Dowan
  5241 | D:6      | Noticed Duvessa
  5245 | D:6      | Killed Dowan
  5258 | D:6      | Killed Duvessa
  5308 | D:6      | HP: 2/59 [ogre/giant club (23)]
  5312 | D:6      | Slain by an ogre

Vault maps used:
D:1:      evilmike_arrival_plus, xom_teletrap_fun
D:2:      wad_river_or_something, nicolae_overflow_hidden_temple
D:3:      first_ration
D:4:      cheibrodos_barr_body, grunt_ministairs_8, uniq_grinder
D:5:      lemuel_crystal_altar, minmay_misc_feat_nine_boxes,
          minmay_misc_feat_roman, uniq_sigmund
D:6:      ebering_ghost_sewer_d, minmay_misc_feat_enclosed, minmay_holes,
          minmay_guarded_unrand_vampires_tooth, uniq_menkaure, uniq_duvessa

Skill      XL: |  1  2  3  4  5  6  7  8 |
---------------+-------------------------+-----
Dodging        | 2 3 |  3.1
Air Magic      | 4 5 6 7 8 |  8.3
Spellcasting   | 3 4 5 |  5.5
Conjurations   | 2 |  2.1
Long Blades    | 1 2 |  2.8
Fighting       | 1 |  1.1
Stealth        | |  1.8
Evocations     | |  0.1

Action                   |  1- 3 |  4- 6 |  7- 9 || total
-------------------------+-------+-------+-------++-------
Melee: Dagger            |    19 |       |       ||    19
       Unarmed           |     2 |       |       ||     2
       Tailslap          |     4 |     2 |     4 ||    10
       Falchion          |     9 |    21 |    26 ||    56
 Cast: Shock             |    74 |   138 |    87 ||   299
       Airstrike         |       |       |     6 ||     6
Evoke: Wand              |       |       |     6 ||     6
  Use: Scroll            |       |     7 |     9 ||    16
       Potion            |       |       |     2 ||     2
  Eat: Chunk             |     3 |     7 |       ||    10
       Ration            |       |       |     2 ||     2
Armor: Skin              |     7 |    15 |    16 ||    38
Dodge: Dodged            |    23 |    34 |    39 ||    96
       Rpst.: Falchion   |     2 |     9 |    12 ||    23

Table legend:
 A = Spawn XP
 B = Non-spawn XP
 C = Spawn XP percentage of total XP
 D = Spawn monster count
 E = Non-spawn monster count
 F = Spawn count percentage of total count
 G = Total turns spent on level
                    A         B        C        D         E        F      G
               +---------+---------+-------+---------+---------+-------+---------
         Total |       0 |    2249 |   0.0 |       0 |     126 |   0.0 |  5312
               +---------+---------+-------+---------+---------+-------+---------
           D:1 |       0 |      29 |   0.0 |       0 |      15 |   0.0 |   602
           D:2 |       0 |      93 |   0.0 |       0 |      29 |   0.0 |  1093
           D:3 |       0 |     261 |   0.0 |       0 |      35 |   0.0 |  1419
           D:4 |       0 |     829 |   0.0 |       0 |      22 |   0.0 |  1312
           D:5 |       0 |     716 |   0.0 |       0 |      16 |   0.0 |   697
           D:6 |       0 |     321 |   0.0 |       0 |       9 |   0.0 |   189
               +---------+---------+-------+---------+---------+-------+---------
